 Dungeon Crawl Stone Soup version 0.24.0-2-g5b39cebb1c (webtiles) character file.

Game seed: 4281900665710882516, levelgen mode: deterministic

122 Gumption the Grave Robber (level 5, -3/36 HPs)
             Began as a Human Necromancer on Oct 31, 2019.
             Slain by an iron imp (7 damage)
             ... on level 3 of the Dungeon.
             The game lasted 00:35:30 (4532 turns).

Gumption the Grave Robber (Human Necromancer)       Turns: 4532, Time: 00:35:30

Health: -3/36      AC:  2    Str:  8    XL:     5   Next: 27%
Magic:  4/9        EV: 12    Int: 16    God:
Gold:   116        SH:  0    Dex: 14    Spells: 2/10 levels left

rFire    . . .     SeeInvis .   b - +0 hunting sling
rCold    . . .     Gourm    .   (no shield)
rNeg     . . .     Faith    .   d - +0 robe
rPois    .         Spirit   .   (no helmet)
rElec    .         Reflect  .   (no cloak)
rCorr    .         Harm     .   (no gloves)
MR       .....                  (no boots)
Stlth    ++........             (no amulet)
HPRegen  0.12/turn              (no ring)
MPRegen  0.11/turn              (no ring)

@: very slightly contaminated
A: no striking features
a: no special abilities


You were on level 3 of the Dungeon.
You were hungry.

You visited 1 branch of the dungeon, and saw 3 of its levels.

You collected 116 gold pieces.

Inventory:

Hand Weapons
 a - a +0 dagger
 b - a +0 hunting sling (weapon)
Missiles
 f - 62 stones (quivered)
 m - 8 poisoned darts
 o - 2 boomerangs
Armour
 d - a +0 robe (worn)
 h - a +0 ring mail
Scrolls
 i - a scroll of identify {unknown}
 j - a scroll of enchant armour {unknown}
 p - a scroll of remove curse {unknown}
Potions
 c - a potion of haste {unknown}
 g - 3 potions of curing {unknown}
 k - a potion of flight {unknown}
Comestibles
 e - 4 rations


   Skills:
 + Level 0.9 Fighting
 - Level 2.0 Dodging
 - Level 2.0 Stealth
 + Level 3.0 Spellcasting
 + Level 0.5 Charms
 * Level 5.4 Necromancy


You had 2 spell levels left.
You knew the following spells:

 Your Spells              Type           Power        Failure   Level  Hunger
a - Pain                  Necr           ###.         1%          1    #......
b - Animate Skeleton      Necr           N/A          1%          1    #......
c - Vampiric Draining     Necr           ###.......   6%          3    ###....
z - Regeneration          Chrm/Necr      ##........   17%         3    ###....

Your spell library contained the following spells:

 Spells                   Type           Power        Failure   Level  Hunger
 Animate Dead             Necr           N/A          21%         4    #####..


Dungeon Overview and Level Annotations

Branches:
Dungeon (3/15)

Altars:
Dithmenos
Makhleb
Qazlal


Message History

Press: ? - help, Shift-Dir - straight line, f/p - iron imp
Aim: an iron imp (severely wounded)
You shoot a stone.
The stone hits the iron imp but does no damage.
The iron imp is severely wounded.
The iron imp misses you.
Firing (i - inventory. (/) - cycle)
f - 64 stones (quivered)
Press: ? - help, Shift-Dir - straight line, f/p - iron imp
Aim: an iron imp (severely wounded)
You shoot a stone. The stone closely misses the iron imp.
The iron imp misses you.
Firing (i - inventory. (/) - cycle)
f - 63 stones (quivered)
Press: ? - help, Shift-Dir - straight line, f/p - iron imp
Aim: an iron imp (severely wounded)
You shoot a stone.
The stone hits the iron imp but does no damage.
The iron imp is severely wounded.
Your skin stops crawling.
The iron imp hits you!
You die...

############
#..........#######
+..........+....@#
#..........#####5#
#.........######.#
#.............#
####.............#
.................######
....#####.....[.......#
........#.......(.....#
........#.............#


You could see an iron imp.

Vanquished Creatures
  2 gnolls
  3 adders (D:2)
  2 oozes (D:2)
  An adder skeleton (D:3)
  2 dart slugs (D:2)
  A leopard gecko (D:3)
  3 orcs (D:3)
  2 ball pythons (D:1)
  4 giant cockroaches
  5 goblins
  3 hobgoblins
  3 quokkas
  5 bats
  5 kobolds
  6 rats
47 creatures vanquished.

Vanquished Creatures (collateral kills)
  A dart slug (D:1)
  A ball python (D:1)
  2 giant cockroaches
  2 goblins (D:1)
  2 hobgoblins (D:1)
  2 bats (D:1)
  A frilled lizard (D:1)
  3 kobolds (D:1)
  A rat (D:1)
15 creatures vanquished.

Grand Total: 62 creatures vanquished

Notes
Turn   | Place    | Note
-------+----------+-------------------------------------------
     0 | D:1      | Gumption the Human Necromancer began the quest for the Orb.
     0 | D:1      | Reached XP level 1. HP: 13/13 MP: 3/3
     2 | D:1      | Learned a level 1 spell: Animate Skeleton
   515 | D:1      | Reached XP level 2. HP: 19/19 MP: 3/5
  1170 | D:1      | Reached XP level 3. HP: 24/24 MP: 4/6
  1663 | D:2      | Learned a level 3 spell: Vampiric Draining
  2091 | D:2      | Reached XP level 4. HP: 28/30 MP: 3/7
  2167 | D:2      | Reached skill level 5 in Necromancy
  2605 | D:2      | Learned a level 3 spell: Regeneration
  2629 | D:2      | Found a shadowy altar of Dithmenos.
  2707 | D:2      | Found a stormy altar of Qazlal.
  3782 | D:3      | Reached XP level 5. HP: 29/36 MP: 4/9
  3789 | D:2      | HP: 1/36 [gnoll/+0 whip (7)]
  4480 | D:3      | Found a burning altar of Makhleb.
  4526 | D:3      | HP: 1/36 [iron imp (8)]
  4532 | D:3      | Slain by an iron imp

Levels and vault maps discovered:
D:1:      grunt_arrival_lava_bath, layout_basic
D:2:      layout_loops_corners, grunt_dithmenos_smoke,
          lemuel_coloured_pillars_altar, first_ration
D:3:      minmay_chambers_of_twos, layout_basic, demons_altar,
          kennysheep_okawaru_gauntlet

Skill      XL: |  1  2  3  4  5 |
---------------+----------------+-----
Necromancy     | 5 |  5.4
Spellcasting   | 3 |  3.0
Fighting       | |  0.9
Dodging        | |  2.0
Stealth        | |  2.0
Charms         | |  0.5

Action                   |  1- 3 |  4- 6 || total
-------------------------+-------+-------++-------
Melee: Unarmed           |     7 |       ||     7
       Dagger            |    60 |    15 ||    75
 Fire: Hunting sling     |       |    67 ||    67
Throw: Dart              |    12 |     7 ||    19
 Cast: Pain              |    25 |    52 ||    77
       Animate Skeleton  |    20 |     3 ||    23
       Regeneration      |       |     4 ||     4
  Use: Scroll            |       |     2 ||     2
 Stab: Sleeping          |     3 |       ||     3
  Eat: Chunk             |     4 |     8 ||    12
Armor: Robe              |    24 |    10 ||    34
Dodge: Dodged            |    59 |    41 ||   100
